 Dungeon Crawl Stone Soup version 0.32-a0-616-g9348d4545b (webtiles) character file.

Game seed: 16239312756318809449

1582 Shayle the Apothecary (level 8, -10/46 HPs)
             Began as a Coglin Alchemist on Mar 5, 2024.
             Was a Follower of Hepliaklqana.
             Mangled by Menkaure (21 damage)
             ... on level 5 of the Dungeon.
             The game lasted 00:15:12 (4693 turns).

Shayle the Apothecary (Coglin Alchemist)            Turns: 4693, Time: 00:15:13

Health: -10/46     AC:  2    Str:  8    XL:     8   Next: 91%
Magic:  14/14      EV: 14    Int: 16    God:    Hepliaklqana [*.....]
Gold:   402        SH:  0    Dex: 16    Spells: 11/15 levels left

rFire   . . .        g - +1 war axe {Guillermo}
rCold   . . .        c - +0 short sword {Karl}
rNeg    . . .        a - +0 robe
rPois   .            (no helmet)
rElec   .            (no cloak)
rCorr   .            (no gloves)
SInv    .            (no boots)
Will    .....        (amulet unavailable)
Stlth   +++          (ring unavailable)
HPRegen 0.27/turn    (ring unavailable)
MPRegen 0.14/turn    (no gizmo)

%: no passive effects
@: revving
A: reduced essence, off-hand wielding, slow wielding, warmup strikes, no
jewellery
a: Invent Gizmo, Renounce Religion, Recall Ancestor, Ancestor Identity


You were on level 5 of the Dungeon.
You worshipped Hepliaklqana.
Hepliaklqana was aware of your devotion.
You visited 2 branches of the dungeon, and saw 6 of its levels.
You also visited: Sewer.

You collected 402 gold pieces.

Inventory:

Hand Weapons
 c - a +0 short sword (offhand) {Karl}
 d - a +1 dagger of distortion
 g - a +1 war axe (weapon) {Guillermo}
 k - a +3 flail of protection
 o - a +1 whip of freezing
 s - a +2 short sword of holy wrath
Armour
 a - a +0 robe (worn)
Wands
 p - a wand of flame (13)
Scrolls
 e - 2 scrolls of immolation {unknown}
 j - 2 scrolls of noise
 n - 4 scrolls of vulnerability
 t - a scroll of identify
 v - a scroll of fear
Potions
 b - 2 potions of magic
 f - 3 potions of enlightenment
 h - a potion of degeneration {unknown}
 i - 6 potions of curing
 l - a potion of invisibility {unknown}
 m - 2 potions of haste {unknown}
 q - a potion of berserk rage
 r - a potion of brilliance {unknown}
 u - 2 potions of mutation {unknown}


   Skills:
 + Level 4.5 Dodging
 + Level 4.4 Stealth
 + Level 4.2 Spellcasting
 + Level 4.1 Conjurations
 + Level 6.0 Alchemy
 + Level 2.4 Invocations


You had 11 spell levels left.
You knew the following spells:

 Your Spells              Type           Power      Damage    Failure   Level
a - Sting                 Conj/Alch      76%        1d7       1%          1
b - Mephitic Cloud        Conj/Alch/Air  14%        N/A       12%         3

Your spell library contained the following spells:

 Spells                   Type           Power      Damage    Failure   Level
 Mercury Vapours          Alch/Air       24%        N/A       8%          2
 Cigotuvi's Dreadful Rot  Necr/Alch/Air  18%        N/A       11%         2
 Olgreb's Toxic Radiance  Alch           22%        N/A       14%         4
 Summon Small Mammal      Summ           12%        N/A       17%         1
 Ignite Poison            Fire/Alch      12%        N/A       43%         4
 Sticky Flame             Fire/Alch      12%        2d5       43%         4
 Call Canine Familiar     Summ           3%         N/A       45%         3
 Gell's Gravitas          Tloc           3%         N/A       45%         3
 Teleport Other           Tloc           3%         N/A       45%         3
 Tukima's Dance           Hex            3%         N/A       45%         3
 Iskenderun's Mystic Bla  Conj/Tloc      9%         2d4       56%         4
 Dimensional Bullseye     Hex/Tloc       1%         N/A       86%         4
 Summon Blazeheart Golem  Fire/Summ      3%         N/A       86%         4
 Freezing Cloud           Conj/Ice/Air   3%         6-21      95%         5
 Dispersal                Tloc           1%         N/A       100%        6


Dungeon Overview and Level Annotations

Branches:
Dungeon (5/15)             Temple (1/1) D:5           Sewer (visited)

Altars:
Cheibriados
Elyvilon
Fedhas
Gozag
Hepliaklqana
Makhleb
Nemelex Xobeh
Okawaru
Qazlal
Ru
Uskayaw
Wu Jian
Xom
Zin

Shops:
D:3 :   D:4 [

Annotations:
D:5 Menkaure


Innate Abilities, Weirdness & Mutations

Your life essence is reduced to manifest your ancestor. (-10% HP)
You can wield a second weapon in your off-hand.
It takes a long time for you to wield or remove held weapons.
Your first few attacks do less damage.
You cannot equip rings or amulets.


Message History

Foaceaq hits the bombardier beetle.
Unknown command.
You hit the bombardier beetle with your +1 war axe.
The bombardier beetle is severely wounded.
You hit the bombardier beetle with your +0 short sword.
The bombardier beetle completely misses you.
Foaceaq closely misses the bombardier beetle.
You barely miss the bombardier beetle with your +1 war axe.
The bombardier beetle is severely wounded.
You hit the bombardier beetle with your +0 short sword.
You kill the bombardier beetle!
Your Alchemy skill increases to level 6!
You see here a bombardier beetle corpse.
There is a stone staircase leading up here.
There is a shaft here.
Menkaure is nearby!
What are your orders? t - Shout!
Orders for allies: a - Attack new target. r - Retreat! s - Stop attacking. g - Guard the area. f - Follow me.
Anything else - Cancel.
Gang up on whom?
Press: ? - help, Dir - move target, f - Menkaure
Aim: Menkaure (wandering, hasn't noticed you) Attack!
Menkaure mumbles some strange words.
Menkaure seems to speed up.
Menkaure calls on the powers of darkness!
Your body is wracked with pain!
Menkaure whispers, "Let me perform the rites..."
Menkaure gestures at you while chanting.
You struggle to resist.
Foaceaq barely misses Menkaure.
Menkaure hits you!
* * * LOW HITPOINT WARNING * * *
Unknown command.
You hit Menkaure but do no damage. x2; Foaceaq hits Menkaure.
Menkaure hits you!!
You die...
Hepliaklqana delivers you to your ancestors.

#..##.....>...## #..# #..
#........#.#...## #..## #..
##.......#...#...# ##<.###..
#................## ###.....†#.
###..........>..<...###...###....
....................##...## ###..
.##..................^.### #<.
###...................## ##. #
#............M@....## #. #
#............R...### #. #
##..............## #. #
#...........##.# #. #
##.......#####.. ## #########
#..# # #..# # ### #


You could see the friendly Foaceaq the ancestor and Menkaure (fast, ally
target).

Vanquished Creatures
  Pikel (D:5)
  A yak (D:4)
  Edmund (D:5)
  Pargi (Sewer)
  An ogre (D:3)
  A brain worm (Sewer)
  3 killer bees (D:5)
  A bombardier beetle (D:5)
  2 hounds (D:5)
  A sleepcap (D:4)
  2 orc wizards (D:5)
  Terence (D:3)
  2 iguanas (D:5)
  5 adders
  2 river rats (D:5)
  4 ribbon worms
  A dart slug (D:4)
  10 orcs
  11 bats
  13 endoplasms
  3 giant cockroaches
  4 goblins
  9 hobgoblins
  3 jackals
  6 quokkas
  7 ball pythons
  2 frilled lizards (D:2)
  5 kobolds
  2 rats
105 creatures vanquished.

Vanquished Creatures (collateral kills)
  A killer bee (D:5)
1 creature vanquished.

Vanquished Creatures (others)
  A killer bee (D:5)
1 creature vanquished.

Grand Total: 107 creatures vanquished

Notes
Turn   | Place    | Note
-------+----------+-------------------------------------------
     0 | D:1      | Shayle the Coglin Alchemist began the quest for the Orb.
     0 | D:1      | Reached XP level 1. HP: 13/13 MP: 3/3
    98 | D:1      | Reached skill level 1 in Conjurations
   165 | D:1      | Reached XP level 2. HP: 7/19 MP: 1/4
   725 | D:1      | Reached XP level 3. HP: 24/24 MP: 6/6
  1618 | D:2      | Reached XP level 4. HP: 27/30 MP: 7/7
  2055 | D:3      | Found Tiude Utwo's Book Shoppe.
  2123 | D:3      | Found a sparkling altar of Nemelex Xobeh.
  2171 | D:3      | Noticed an ogre
  2177 | D:3      | Learned a level 3 spell: Mephitic Cloud
  2182 | D:3      | Noticed Terence
  2187 | D:3      | Killed an ogre
  2188 | D:3      | Reached skill level 4 in Alchemy
  2188 | D:3      | Reached XP level 5. HP: 35/35 MP: 4/8
  2200 | D:3      | Killed Terence
  2474 | D:4      | Reached XP level 6. HP: 41/41 MP: 10/10
  2688 | D:4      | Noticed a yak
  2700 | D:4      | Killed a yak
  2885 | D:4      | Found Tuegol's Antique Armour Shop.
  3392 | D:5      | Entered Level 5 of the Dungeon
  3403 | D:5      | Reached XP level 7. HP: 42/46 MP: 11/11
  3486 | D:5      | Found a staircase to the Ecumenical Temple.
  3493 | Temple   | Entered the Ecumenical Temple
  3504 | Temple   | Became a worshipper of Hepliaklqana the Forgotten
  3565 | D:5      | Noticed Edmund
  3604 | D:5      | Killed Edmund
  3731 | D:5      | Noticed Menkaure
  3787 | D:5      | Noticed Pikel
  3828 | D:5      | Killed Pikel
  3829 | D:5      | Reached skill level 5 in Alchemy
  3829 | D:5      | Reached skill level 1 in Invocations
  3829 | D:5      | Reached XP level 8. HP: 40/52 MP: 5/13
  3878 | D:5      | Found a glowing drain.
  3882 | Sewer    | Entered a sewer
  4042 | Sewer    | Noticed Pargi
  4056 | Sewer    | Killed Pargi
  4588 | D:5      | Reached * piety under Hepliaklqana
  4620 | D:5      | Reached skill level 6 in Alchemy
  4693 | D:5      | Mangled by Menkaure

Illustrated notes

Levels and vault maps discovered:
D:1:      dpeg_arrival_oval, layout_basic
D:2:      layout_basic, minivault_14, kennysheep_generic_room_6
D:3:      layout_rooms, nicolae_overflow_crystal_walls, serial_shops, shop,
          uniq_terence
D:4:      layout_gridville, serial_shops, shop, minmay_pentangle
D:5:      layout_cave_pods, minmay_temple_entry_crystal_x, gup_sewer_entry_bowl,
          uniq_pikel, uniq_edmund, uniq_menkaure
Temple:   dshaligram_water_room_temple

Skill      XL: |  1  2  3  4  5  6  7  8 |
---------------+-------------------------+-----
Conjurations   | 1 2 3 4 |  4.1
Dodging        | 2 3 4 |  4.5
Spellcasting   | 2 3 4 |  4.2
Stealth        | 2 3 4 |  4.4
Alchemy        | 4 5 6 |  6.0
Invocations    | 1 2 |  2.4

Action                     |  1- 3 |  4- 6 |  7- 9 || total
---------------------------+-------+-------+-------++-------
  Melee: War axe           |    65 |   123 |    99 ||   287
         Unarmed           |     3 |       |       ||     3
         Short sword       |    52 |   119 |    98 ||   269
   Cast: Sting             |    10 |       |       ||    10
         Mephitic Cloud    |       |     2 |    12 ||    14
  Evoke: Wand              |       |     6 |     6 ||    12
    Use: Scroll            |     3 |     3 |     5 ||    11
         Potion            |       |     1 |     1 ||     2
   Stab: Sleeping          |     3 |     3 |     2 ||     8
         Confused          |       |     1 |    13 ||    14
 Armour: Robe              |    46 |    77 |    59 ||   182
  Dodge: Dodged            |    69 |    99 |    70 ||   238

Table legend: (Time is in decaauts)
 A = Elapsed time spent in this place.
 B = Non-inter-level travel time spent in this place.
 C = Inter-level travel time spent in this place.
 D = Time resting spent in this place.
 E = Time spent auto-exploring this place.
 F = Levels seen in this place.
 G = Mean time per level.
                   A        B        C        D        E       F      G
               +--------+--------+--------+--------+--------+-----+--------+
         Total |   4781 |   4662 |    119 |    659 |   2463 |   7 |  683.0 |
       Dungeon |   4536 |   4417 |    119 |    555 |   2452 |   5 |  907.2 |
        Temple |     20 |     20 |      0 |      0 |      0 |   1 |   20.0 |
         Sewer |    224 |    224 |      0 |    104 |     11 |   1 |  224.0 |
               +--------+--------+--------+--------+--------+-----+--------+

Top non-repeatable levels by time:
     D:5: 1090 daAuts
     D:2: 981 daAuts
     D:4: 947 daAuts
     D:1: 901 daAuts
     D:3: 616 daAuts
   Sewer: 224 daAuts
  Temple: 20 daAuts
